 Dungeon Crawl Stone Soup version 0.23-a0-402-g64599a1 (webtiles) character file.

6143 Garbasso the Destroyer (level 10, -7/61 HPs)
             Began as a Deep Elf Fire Elementalist on Nov 4, 2018.
             Was a Priest of Vehumet.
             Killed from afar by a death drake (shapeshifter) (9 damage)
             ... with a foul vapour
             ... on level 8 of the Dungeon.
             The game lasted 00:42:05 (11578 turns).

Garbasso the Destroyer (DEFE)                      Turns: 11578, Time: 00:42:06

Health: -7/61      AC:  9    Str: 10    XL:     10   Next: 59%
Magic:  30/32      EV: 15    Int: 27    God:    Vehumet [***...]
Gold:   380        SH:  0    Dex: 15    Spells: 9/23 levels left

rFire    + . .     SeeInvis .   b - staff of energy
rCold    + . .     Gourm    .   (no shield)
rNeg     . . .     Faith    .   G - +2 leather armour of Gestures {*Drain MR+++ Str+2}
rPois    .         Spirit   .   s - +2 helmet {Int+3}
rElec    .         Reflect  .   (no cloak)
rCorr    .         Harm     .   y - +0 pair of gloves
MR       ++++.                  (no boots)
Stlth    ++........             (no amulet)
HPRegen  0.20/turn              F - ring of magical power
MPRegen  0.23/turn              m - ring of Waerr {rF+ rC+ Str+3}

@: lethally poisoned (-7 -> -50), very slightly contaminated, hasted and slowed
A: no striking features
a: Renounce Religion


You were on level 8 of the Dungeon.
You worshipped Vehumet.
Vehumet was most pleased with you.
You were not hungry.

You visited 2 branches of the dungeon, and saw 9 of its levels.
You also visited: Ossuary.

You collected 380 gold pieces.

Inventory:

Hand Weapons
 a - a +0 trident of venom
 p - a +0 dagger of speed
Armour
 s - a +2 helmet of intelligence (worn)
 y - a +0 pair of gloves (worn)
 A - a +1 robe
 G - the +2 leather armour of Gestures (worn) {*Drain MR+++ Str+2}
   (You found it on level 7 of the Dungeon)

   It affects your strength (+2).
   It affects your resistance to hostile enchantments.
   It causes draining when unequipped.
Magical Staves
 b - an uncursed staff of energy (weapon)
Jewellery
 k - an uncursed ring of protection from magic
 m - the ring of Waerr (right hand) {rF+ rC+ Str+3}
   (You found it on level 6 of the Dungeon)

   [ring of protection from cold]

   It affects your strength (+3).
   It protects you from fire.
   It protects you from cold.
 z - a +3 amulet of reflection {unknown}
 C - an uncursed ring of positive energy
 F - a ring of magical power (left hand)
Wands
 o - a wand of clouds (6)
 w - a wand of digging (5)
 D - a wand of random effects (12)
Scrolls
 d - a scroll of teleportation
 e - 2 scrolls of immolation
 j - 2 scrolls of amnesia
 r - 3 scrolls of remove curse
 t - 4 scrolls of enchant weapon
 u - a scroll of blinking
 E - a scroll of magic mapping
Potions
 h - 2 potions of haste
 i - a potion of mutation
 l - a potion of brilliance
 n - a potion of might
 q - 3 potions of invisibility
 x - 2 potions of berserk rage
Comestibles
 c - 15 rations


   Skills:
 * Level 6.9 Fighting
 + Level 6.6 Dodging
 - Level 2.4 Stealth
 - Level 7.4 Spellcasting
 + Level 9.7 Conjurations
 - Level 9.0 Fire Magic


You had 9 spell levels left.
You knew the following spells:

 Your Spells              Type           Power        Failure   Level  Hunger
a - Flame Tongue          Conj/Fire      #####        1%          1    None
b - Magic Dart            Conj           ####         1%          1    None
c - Conjure Flame         Conj/Fire      ######..     1%          3    None
d - Sticky Flame          Conj/Fire      ######..     1%          4    None
e - Fireball              Conj/Fire      ######....   1%          5    None

Your spell library contained the following spells:

 Spells                   Type           Power        Failure   Level  Hunger
 Force Lance              Conj/Tloc      #####...     3%          4    None
 Throw Flame              Conj/Fire      ######       1%          2    None
 Inner Flame              Hex/Fire       ####....     1%          3    None
 Irradiate                Conj/Tmut      #####.....   8%          5    None
 Hydra Form               Tmut           ##........   100%        6    None
 Statue Form              Tmut/Erth      ##.......    100%        6    None
 Dragon Form              Tmut           ##........   100%        7    None


Dungeon Overview and Level Annotations

Branches:
Dungeon (8/15)             Temple (1/1) D:5
   Lair: D:8-11

Altars:
Ashenzari
Cheibriados
Dithmenos
Elyvilon
Fedhas
Gozag
Hepliaklqana
Kikubaaqudgha
Makhleb
Nemelex Xobeh
Okawaru
Qazlal
Ru
Sif Muna
Trog
Uskayaw
Vehumet
Wu Jian
Xom
Yredelemnul
Zin
The Shining One

Annotations:
D:8 exclusion: centaur warrior


Message History

Okay, then.
Blink to where?
Press: ? - help, Dir - move target cursor You are very lightly contaminated with residual magic.
As you read the scroll of blinking, it crumbles to dust.
* * * LOW HITPOINT WARNING * * *
You feel very sick.
You feel yourself speed up.
* * * LOW HITPOINT WARNING * * *
You feel very sick.
* * * LOW HITPOINT WARNING * * *
You feel sick.
You open the door.
* * * LOW HITPOINT WARNING * * *
You feel sick.
The orc throws a stone.
The stone barely misses you. The death drake breathes miasma at you.
The foul vapour engulfs you!
You are more poisoned.
You feel as though you will be slow longer.
You die...

.##.#####.## #.#.# ##.#
.#...).((.(# #.#.####..#
##.#######.# #.........#
###c(.######### .## ###.###...#
.#.(.#.#...#(.###...####.# ###.#
.#...#§#.o).##..###......# #.#
##).'#§#'....###..###...### #.#
.####'('###.k§§###..###...# #.#
##...o8.§..#...§@'.....##.# #.#
?.###'.§####...###..###..)# #.#
#.c.'#.#'. #)###.(###...######.#
..!(.#.#...###..###...#.....##.##
.#((.#.#...#..###...........##...
#######...#####...##.##.........#
## ....##...####.##.....##... .#
#..### #.#......#...# .## ##.##
#(#.##.##.....


You could see a death drake and an orc.

Vanquished Creatures
  Prince Ribbit (D:6)
  Grinder (D:5)
  A hippogriff (D:7)
  Sigmund (D:3)
  A wyvern (D:8)
  A yak (D:8)
  2 hungry ghosts
  Menkaure (D:6)
  An acid dragon (D:8)
  2 water moccasins
  An orc warrior (D:7)
  A black bear (D:7)
  An ice beast (D:3)
  A necrophage (D:8)
  A sky beast (D:7)
  A hornet zombie (D:7)
  4 ogres
  3 phantoms
  5 centaurs
  A crocodile (D:8)
  A big kobold (D:8)
  6 bullfrogs
  A wyvern skeleton (D:8)
  2 scorpions
  A water moccasin zombie (Ossuary)
  5 wights (D:8)
  5 killer bees
  A howler monkey (D:5)
  2 crimson imps
  4 bullfrog zombies
  A jelly (D:8)
  A centaur zombie (Ossuary)
  A centaur skeleton (D:5)
  5 hounds
  4 orc priests
  3 bullfrog skeletons
  5 iguanas
  Ijyb (D:3)
  5 orc wizards
  Natasha (thrice) (D:3)
  4 worker ants
  2 hound zombies
  14 mummies (Ossuary)
  3 howler monkey zombies
  3 worker ant zombies (Ossuary)
  12 adders
  A shadow imp (D:8)
  An ooze (D:4)
  An adder zombie (D:7)
  3 dart slugs
  A worm (D:2)
  8 leopard geckos
  27 orcs
  5 bats
  8 giant cockroaches
  4 goblins
  10 jackals
  8 kobolds
  3 quokkas
  4 frilled lizards
  2 giant cockroach zombies (Ossuary)
  A jackal zombie (Ossuary)
  A leopard gecko skeleton (D:8)
  2 quokka zombies (Ossuary)
  5 rats
221 creatures vanquished.

Vanquished Creatures (others)
  A withered plant (Ossuary)
1 creature vanquished.

Grand Total: 222 creatures vanquished

Notes
Turn   | Place    | Note
-------+----------+-------------------------------------------
     0 | D:1      | Garbasso the Deep Elf Fire Elementalist began the quest for
                  | the Orb.
     0 | D:1      | Reached XP level 1. HP: 10/10 MP: 6/6
   419 | D:1      | Reached XP level 2. HP: 15/15 MP: 6/8
   423 | D:1      | Learned a level 2 spell: Throw Flame
   817 | D:2      | Reached XP level 3. HP: 19/19 MP: 5/10
  1049 | D:2      | Found a glowing golden altar of the Shining One.
  1166 | D:2      | Learned a level 3 spell: Conjure Flame
  1279 | D:2      | Reached XP level 4. HP: 24/24 MP: 8/11
  1288 | D:2      | Learned a level 4 spell: Sticky Flame
  2079 | D:3      | Noticed Sigmund
  2252 | D:3      | Noticed Natasha
  2254 | D:3      | Killed Natasha
  2254 | D:3      | Reached XP level 5. HP: 28/28 MP: 9/13
  2255 | D:3      | Noticed an ice beast
  2260 | D:3      | Killed an ice beast
  2504 | D:3      | Noticed Ijyb
  2514 | D:3      | Killed Ijyb
  2514 | D:3      | Reached skill level 5 in Spellcasting
  2514 | D:3      | Reached XP level 6. HP: 27/32 MP: 4/15
  2678 | D:3      | Noticed Natasha
  2681 | D:3      | Killed Natasha
  2772 | D:3      | Noticed Natasha
  2775 | D:3      | Killed Natasha
  2879 | D:3      | Reached skill level 5 in Conjurations
  3040 | D:3      | Killed Sigmund
  3040 | D:3      | Reached skill level 5 in Fire Magic
  3854 | D:4      | Reached XP level 7. HP: 28/36 MP: 10/17
  3877 | D:4      | Learned a level 5 spell: Fireball
  4725 | D:5      | Entered Level 5 of the Dungeon
  4812 | D:5      | Noticed Grinder
  4820 | D:5      | Killed Grinder
  4820 | D:5      | Reached XP level 8. HP: 41/41 MP: 9/20
  4924 | D:5      | Found a staircase to the Ecumenical Temple.
  4931 | Temple   | Entered the Ecumenical Temple
  5022 | Temple   | Became a worshipper of Vehumet
  5365 | D:5      | Got a faintly glowing short sword
  5366 | D:5      | Identified the +3 short sword of Foul Odors {antimagic,
                  | rElec MR+ Stlth+} (You found it on level 5 of the Dungeon)
  6114 | D:6      | Noticed Prince Ribbit
  6126 | D:6      | Killed Prince Ribbit
  6126 | D:6      | Reached skill level 1 in Fighting
  6305 | D:6      | Reached XP level 9. HP: 49/49 MP: 14/22
  6329 | D:5      | Reached * piety under Vehumet
  6329 | D:5      | Offered knowledge of Magic Dart by Vehumet.
  6332 | D:5      | Learned a level 1 spell: Magic Dart
  6493 | D:6      | Found a sand-covered staircase.
  6503 | Ossuary  | Entered an ossuary
  7495 | D:6      | Noticed Menkaure
  7538 | D:6      | Killed Menkaure
  7833 | D:6      | Got a glittering amber ring
  7895 | D:6      | Identified the ring of Waerr {rF+ rC+ Str+3} (You found it
                  | on level 6 of the Dungeon)
  7919 | D:7      | Found a shadowy altar of Dithmenos.
  8044 | D:7      | Got a scorched leather armour
  8070 | D:7      | Reached ** piety under Vehumet
  8070 | D:7      | Offered knowledge of Sting by Vehumet.
  8113 | D:6      | Identified the +2 leather armour of Gestures {*Drain MR+++
                  | Str+2} (You found it on level 7 of the Dungeon)
  8230 | D:7      | Found a sacrificial altar of Ru.
  8292 | D:6      | HP: 2/52 [poisoned by a killer bee]
  8799 | D:7      | Reached skill level 5 in Fighting
  9029 | D:7      | Offered knowledge of Searing Ray by Vehumet.
  9251 | D:7      | Reached skill level 5 in Dodging
  9251 | D:7      | Reached XP level 10. HP: 57/59 MP: 16/23
  9688 | D:7      | Found a hide-covered altar of Uskayaw.
  9689 | D:7      | Found a burning altar of Makhleb.
  9783 | D:8      | Found a runed door.
 10136 | D:8      | Reached *** piety under Vehumet
 10440 | D:8      | Identified a scroll of acquirement
 10664 | D:8      | Noticed a centaur warrior
 10820 | D:8      | Found a white marble altar of Elyvilon.
 10998 | D:8      | Offered knowledge of Force Lance by Vehumet.
 11203 | D:8      | Noticed a two-headed ogre
 11562 | D:8      | Noticed an elephant
 11569 | D:8      | Noticed a death drake
 11577 | D:8      | HP: 3/61 [poisoned by a death drake (foul vapour)]
 11578 | D:8      | Killed from afar by a death drake (shapeshifter)

Vault maps used:
D:1:      dpeg_arrival_three_same_balls, minmay_strange_pillars
D:2:      nicolae_tso_carved_into_rock
D:3:      first_ration, uniq_sigmund, uniq_ijyb, uniq_natasha
D:5:      minmay_temple_entry_grid, corexii_checkpoint_a,
          kennysheep_generic_room_7, uniq_grinder
D:6:      enter_ossuary_1, kennysheep_generic_room_3, uniq_menkaure,
          uniq_prince_ribbit1
D:7:      nicolae_overflow_crystal_walls, minitemple
D:8:      minmay_the_grid_four_pointed_star, elyvilon_altar_3
Temple:   compressed_dpeg_circular_temple
Ossuary:  ossuary_zaba_flooded

Skill      XL: |  1  2  3  4  5  6  7  8  9 10 |
---------------+-------------------------------+-----
Conjurations   | 2 3 4 6 7 8 9 |  9.7
Spellcasting   | 4 5 6 7 |  7.4
Fire Magic     | 4 5 6 8 9 |  9.0
Fighting       | 2 5 6 |  6.9
Dodging        | 5 6 |  6.6
Stealth        | |  2.4

Action                   |  1- 3 |  4- 6 |  7- 9 | 10-12 || total
-------------------------+-------+-------+-------+-------++-------
Melee: Dagger            |       |     7 |    11 |       ||    18
       Trident           |       |       |    47 |    30 ||    77
 Cast: Flame Tongue      |    33 |    74 |   205 |    93 ||   405
       Throw Flame       |     5 |    12 |     5 |       ||    22
       Sticky Flame      |       |     6 |    22 |    13 ||    41
       Conjure Flame     |       |     2 |    11 |    13 ||    26
       Fireball          |       |       |     8 |     4 ||    12
       Magic Dart        |       |       |    38 |    13 ||    51
  Use: Scroll            |       |     2 |    16 |     6 ||    24
       Potion            |       |     2 |     7 |     3 ||    12
 Stab: Sleeping          |       |       |     1 |       ||     1
  Eat: Chunk             |     1 |     6 |    10 |     9 ||    26
       Ration            |       |     1 |     4 |       ||     5
Armor: Robe              |     1 |     4 |    14 |       ||    19
       Leather armour    |       |       |     7 |     8 ||    15
Dodge: Dodged            |     4 |    26 |    92 |    39 ||   161

Table legend:
 A = Non-vault XP
 B = Vault XP
 C = Vault XP percentage of total XP
 D = Non-vault monster count
 E = Vault monster count
 F = Vault count percentage of total count
                 A         B        C        D         E       F
            +---------+---------+-------+---------+---------+-------
      Total |    5803 |    2974 |  33.9 |     170 |      51 |  23.1
            +---------+---------+-------+---------+---------+-------
        D:1 |      19 |       0 |   0.0 |      10 |       0 |   0.0
        D:2 |      86 |       0 |   0.0 |      15 |       0 |   0.0
        D:3 |     293 |     298 |  50.4 |      23 |       3 |  11.5
        D:4 |     386 |       0 |   0.0 |      23 |       0 |   0.0
        D:5 |     680 |     281 |  29.2 |      18 |       4 |  18.2
        D:6 |     754 |     455 |  37.6 |      14 |       2 |  12.5
        D:7 |    2028 |       0 |   0.0 |      35 |       0 |   0.0
        D:8 |    1557 |    1339 |  46.2 |      32 |      14 |  30.4
    Ossuary |       0 |     601 | 100.0 |       0 |      28 | 100.0
            +---------+---------+-------+---------+---------+-------
